 Dungeon Crawl Stone Soup version 0.19.1 (webtiles) character file.

287 CanadianGator the Stinger (level 6, 0/32 HPs)
             Began as a Deep Elf Venom Mage on Dec 14, 2016.
             Slain by an orc priest
             ... wielding a +0 trident
              (6 damage)
             ... on level 4 of the Dungeon.
             The game lasted 00:17:50 (3890 turns).

CanadianGator the Stinger (Deep Elf Venom Mage)     Turns: 3890, Time: 00:17:51

Health: 0/32       AC:  3    Str:  5    XL:     6   Next: 8%
Magic:  6/15       EV: 14    Int: 22    God:
Gold:   208        SH:  0    Dex: 15    Spells: 2 memorised, 10 levels left

rFire  . . .     SeeInvis .     l - +4 Vampire's Tooth {vamp}
rCold  . . .     Gourm    .     a - +0 robe
rNeg   . . .     Faith    .     (no shield)
rPois  .         Spirit   .     f - +0 helmet
rElec  .         Reflect  .     (no cloak)
rCorr  .         Harm     .     (no gloves)
MR     +....                    (no boots)
Stlth  ++........               (no amulet)
                                s - ring of wizardry
                                g - ring of protection from magic

@: no status effects
A: no striking features
a: no special abilities


You were on level 4 of the Dungeon.
You were not hungry.

You visited 1 branch of the dungeon, and saw 4 of its levels.

You collected 208 gold pieces.

Inventory:

Hand Weapons
 l - the +4 Vampire's Tooth (weapon) {vamp}
   (You found it on level 4 of the Dungeon)

   It inflicts no extra harm, but heals its wielder when it wounds a living foe.
Armour
 a - a +0 robe (worn)
 f - a +0 helmet (worn)
Jewellery
 g - a ring of protection from magic (left hand)
 o - an uncursed ring of see invisible
 s - a ring of wizardry (right hand)
Wands
 q - a wand of lightning (6/15)
Potions
 d - a potion of cure mutation {unknown}
 e - a potion of curing
 h - a potion of heal wounds {unknown}
 i - a potion of flight {unknown}
 j - a potion of might {unknown}
 k - a potion of resistance {unknown}
 m - a potion of ambrosia {unknown}
 p - a potion of lignification
Books
 b - a Young Poisoner's Handbook

   Spells                             Type                      Level
   a - Sting                          Conjuration/Poison           1
   b - Mephitic Cloud                 Conjuration/Poison/Air       3
   c - Olgreb's Toxic Radiance        Poison                       4
   d - Alistair's Intoxication        Transmutation/Poison         5
   e - Venom Bolt                     Conjuration/Poison           5
Comestibles
 c - 6 bread rations
 n - a slice of pizza


   Skills:
 + Level 0.0 Short Blades
 + Level 1.4 Armour
 * Level 4.0 Dodging
 + Level 3.5 Stealth
 * Level 4.8 Spellcasting
 * Level 2.5 Conjurations
 + Level 5.0 Poison Magic


You had 10 spell levels left.
You knew the following spells:

 Your Spells              Type           Power        Failure   Level  Hunger
a - Sting                 Conj/Pois      ###.         1%          1    None
b - Mephitic Cloud        Conj/Pois/Air  ###.....     4%          3    ##.....


Dungeon Overview and Level Annotations

Branches:
Dungeon (4/15)
 Temple: D:4-7

Altars:
Gozag
Okawaru

Annotations:
D:4 Edmund


Message History

Edmund is almost dead.
Edmund barely misses you. The orc priest barely misses you.
Casting: Mephitic Cloud
Confirm with . or Enter, or press ? or * to list all spells.
Aiming: Mephitic Cloud
Press: ? - help, Shift-Dir - straight line The ball explodes into a vile cloud!
The stinking cloud engulfs the orc priest.
The stinking cloud engulfs Edmund.
Edmund is almost dead.
Edmund is engulfed in noxious fumes.
Edmund appears confused.
The orc priest completely misses you.
Really walk into that cloud of noxious fumes? [Y]es or [N]o only, please.
Really walk into that cloud of noxious fumes?
Okay, then.
The orc priest miscasts a cantrip.
You hit the orc priest but do no damage.
The orc priest hits you with a trident.
You die...

#. ..............#
#................#
#.. ..... .......#
#.####.####......#
#.##.....##......#
#.#.......#......#
#.#.§.§...#......#
##....§o..........#
#..#..@@...#......#
#..#.......#......#
#..##.....##......#
#..####.####......#
#.................#
#.................#
##................#
#................#
#................#


You could see Edmund (confused) and an orc priest.

Vanquished Creatures
  2 vampire bats (D:4)
  An orc wizard (D:3)
  Jessica (D:2)
  A worker ant (D:4)
  5 adders
  2 oozes
  2 adder skeletons (D:4)
  3 worms
  2 leopard geckos
  7 orcs
  2 giant cockroaches (D:3)
  5 hobgoblins
  6 jackals
  4 kobolds
  A quokka (D:3)
  A ball python (D:1)
  13 bats
  3 frilled lizards
  5 goblins
  9 rats
75 creatures vanquished.

Notes
Turn   | Place    | Note
-------+----------+-------------------------------------------
     0 | D:1      | CanadianGator the Deep Elf Venom Mage began the quest for the Orb.
     0 | D:1      | Reached XP level 1. HP: 10/10 MP: 6/6
   419 | D:1      | Reached XP level 2. HP: 15/15 MP: 6/8
   856 | D:1      | Reached skill level 1 in Conjurations
  1085 | D:1      | Reached XP level 3. HP: 19/19 MP: 7/9
  1090 | D:1      | Learned a level 3 spell: Mephitic Cloud
  1296 | D:2      | Noticed Jessica
  1309 | D:2      | Killed Jessica
  1309 | D:2      | Reached skill level 1 in Armour
  1328 | D:2      | Reached XP level 4. HP: 24/24 MP: 0/11
  2127 | D:2      | HP: 1/24 [poisoned by an adder]
  2651 | D:3      | Found an opulent altar of Gozag.
  2674 | D:3      | Reached XP level 5. HP: 28/28 MP: 1/13
  2804 | D:3      | Learned a level 5 spell: Venom Bolt
  3193 | D:4      | Noticed Edmund
  3259 | D:4      | Found an iron altar of Okawaru.
  3397 | D:4      | Reached skill level 5 in Poison Magic
  3437 | D:4      | Reached XP level 6. HP: 26/32 MP: 6/15
  3890 | D:4      | Slain by an orc priest

Skill      XL: |  1  2  3  4  5  6 |
---------------+-------------------+-----
Conjurations   | 1 2 |  2.5
Armour         | 1 |  1.4
Dodging        | 3 4 |  4.0
Spellcasting   | 4 |  4.8
Stealth        | 3 |  3.5
Poison Magic   | 5 |  5.0

Action                   |  1- 3 |  4- 6 || total
-------------------------+-------+-------++-------
Melee: Unarmed           |    13 |    28 ||    41
       Dagger            |       |    44 ||    44
 Cast: Sting             |    52 |   105 ||   157
       Mephitic Cloud    |     1 |    14 ||    15
  Use: Scroll            |       |    10 ||    10
       Potion            |       |     3 ||     3
 Stab: Confused          |       |     3 ||     3
  Eat: Chunk             |       |     3 ||     3
       Meat ration       |       |     3 ||     3
Armor: Robe              |     6 |    18 ||    24
       Skin              |       |    30 ||    30
Dodge: Dodged            |    17 |    75 ||    92
